 Dungeon Crawl Stone Soup version 0.26-b1-57-gb162d0664a (webtiles) character file.

Game seed: 4424305321745489187

1385 Froggeryz the Basher (level 8, -3/44 HPs)
             Began as a Gargoyle Gladiator on Jan 8, 2021.
             Killed by divine providence
             ... invoked by an orc priest
              (11 damage)
             ... on level 6 of the Dungeon.
             The game lasted 00:05:15 (4317 turns).

Froggeryz the Basher (Gargoyle Gladiator)           Turns: 4317, Time: 00:05:16

Health: -3/44      AC: 13    Str: 20    XL:     8   Next: 67%
Magic:  8/8        EV: 12    Int:  9    God:
Gold:   240        SH:  0    Dex: 17    Spells: 7/7 levels left

rFire    . . .     SeeInvis .   f - +3 whip (venom)
rCold    . . .     Faith    +   (no shield)
rNeg     + . .     Spirit   .   o - +0 ring mail
rPois    ∞         Reflect  .   c - +1 helmet
rElec    +         Harm     .   (no cloak)
rCorr    +         Rampage  .   k - +0 pair of gloves
Will     .....                  (no boots)
Stlth    +.........             s - amulet of faith
HPRegen  0.14/turn              r - +6 ring of dexterity
MPRegen  0.11/turn              v - ring of resist corrosion

@: hasted, very quick
A: negative energy resistance 1, electricity resistance, unbreathing,
petrification resistance, miasma immunity, AC +5
a: no special abilities


You were on level 6 of the Dungeon.
You visited 1 branch of the dungeon, and saw 6 of its levels.

You collected 240 gold pieces.

Inventory:

Hand Weapons
 f - a +3 whip of venom (weapon)
 g - the +7 whip "Sulonir" {drain, rF+ rN+ Dex-2 Stlth+}
   (You took it off a kobold on level 4 of the Dungeon)

   A truly terrible weapon, it drains the life of those it strikes.
   It affects your dexterity (-2).
   It protects you from fire.
   It protects you from negative energy.
   It makes you more stealthy.
Missiles
 d - 3 throwing nets (quivered)
Armour
 c - a +1 helmet (worn)
 k - a +0 pair of gloves (worn)
 o - a +0 ring mail (worn)
Jewellery
 p - an uncursed ring of protection from fire {unknown}
 r - a +6 ring of dexterity (left hand)
 s - an amulet of faith (around neck)
 v - a ring of resist corrosion (right hand)
Wands
 n - a wand of flame (14)
 x - a wand of disintegration (9)
Scrolls
 j - 2 scrolls of remove curse
 m - a scroll of enchant armour
 u - 2 scrolls of amnesia
 w - a scroll of identify
Potions
 a - 2 potions of brilliance {unknown}
 b - 2 potions of haste
 e - 3 potions of mutation
 h - a potion of curing
 i - 3 potions of resistance
 q - a potion of invisibility
 t - 2 potions of lignification


   Skills:
 - Level 2.1 Fighting
 * Level 10.7 Maces & Flails
 - Level 1.7 Throwing
 - Level 2.4 Dodging


You had 7 spell levels left.
You didn't know any spells.
Your spell library contained the following spells:

 Spells                   Type           Power        Failure   Level
 Magic Dart               Conj           0%           56%         1
 Blink                    Tloc           N/A          71%         2
 Call Imp                 Summ           0%           71%         2
 Slow                     Hex            0%           71%         2
 Conjure Flame            Conj/Fire      0%           91%         3
 Mephitic Cloud           Conj/Pois/Air  0%           91%         3


Dungeon Overview and Level Annotations

Branches:
Dungeon (5/15)
 Temple: D:4-7

Altars:
Dithmenos
Elyvilon
Xom
Zin
The Shining One


Innate Abilities, Weirdness & Mutations

You are resistant to torment.
Your stone body is resilient. (AC +5)
You are immune to poison.
You resist negative energy. (rN+)
You are resistant to electric shocks. (rElec)
You can survive without breathing.
You are immune to petrification.
You are immune to miasma.


Message History

* * * LOW HITPOINT WARNING * * *
x2 The weapon returns to the orc warrior!
Things that are here:
a +0 giant club; an ogre corpse An orc comes into view.
The orc shouts!
An orc comes into view. It is wielding a +0 hand axe.
The orc shouts!
An orc wizard comes into view. It is wielding a +0 dagger.
The orc wizard shouts!
An orc comes into view.
The orc shouts!
A howler monkey skeleton comes into view.
An orc comes into view. It is wielding a +0 flail.
The orc shouts!
You hear a shout!
An orc priest comes into view. It is wielding a +0 hand axe of venom.
The orc priest shouts!
You hear a shout!
The orc priest calls down the wrath of Beogh upon you.
Beogh smites you!
You die...

.....#.#)..###..# .#
. ............##..#
..
##........c###.... .
.......).S.....#.# .
......##...#...###.o
...... #r..# ....o
.#....##.(.# ... #
..........##.##....
.....#..o..@.......
........###........
.....#..# #........
.....#..# .........
.... .o.. .........
..#...o##..........
.# #..o ....#.....
#..Z .....#.....


You could see an orc priest, 2 orcs and a quokka.

Vanquished Creatures
  Eustachio (D:4)
  2 black bears
  A phantom (D:6)
  The ghost of qipq the Ogre Mage, an amateur OgWz of Sif Muna (D:4)
  3 ogres
  A big kobold (D:4)
  A scorpion (D:4)
  A centaur zombie (D:3)
  An orc priest (D:4)
  A hound (D:4)
  A jelly (D:6)
  5 orc wizards
  Ijyb (D:4)
  Jessica (D:3)
  2 worker ants
  4 adders
  An ooze (D:3)
  4 worms
  2 dart slugs
  A leopard gecko (D:4)
  21 orcs
  5 bats
  5 giant cockroaches
  5 goblins
  7 hobgoblins
  10 jackals
  A quokka (D:3)
  4 ball pythons
  5 frilled lizards
  10 kobolds
  A leopard gecko zombie (D:6)
  6 rats
115 creatures vanquished.

Notes
Turn   | Place    | Note
-------+----------+-------------------------------------------
     0 | D:1      | Froggeryz the Gargoyle Gladiator began the quest for the
                  | Orb.
     0 | D:1      | Reached XP level 1. HP: 12/12 MP: 1/1
   185 | D:1      | Reached XP level 2. HP: 16/17 MP: 2/2
   774 | D:2      | Reached skill level 4 in Maces & Flails
   774 | D:2      | Reached XP level 3. HP: 16/21 MP: 3/3
   862 | D:2      | Found a shimmering altar of Xom.
  1227 | D:2      | Noticed a black bear
  1237 | D:2      | Killed a black bear
  1238 | D:2      | Reached skill level 5 in Maces & Flails
  1238 | D:2      | Reached XP level 4. HP: 13/26 MP: 4/4
  1238 | D:2      | Reached XP level 5. HP: 15/30 MP: 5/5
  1641 | D:3      | Reached skill level 6 in Maces & Flails
  1862 | D:3      | Found a shadowy altar of Dithmenos.
  1897 | D:3      | Reached XP level 6. HP: 29/35 MP: 6/6
  1995 | D:3      | Noticed Jessica
  2005 | D:3      | Killed Jessica
  2086 | D:3      | Found a glowing golden altar of the Shining One.
  2086 | D:3      | Found a glowing silver altar of Zin.
  2086 | D:3      | Found a white marble altar of Elyvilon.
  2411 | D:3      | Found a faded altar of an unknown god.
  2524 | D:4      | Reached skill level 7 in Maces & Flails
  2718 | D:4      | Noticed Ijyb
  2729 | D:4      | Killed Ijyb
  2761 | D:4      | Reached XP level 7. HP: 40/40 MP: 7/7
  2949 | D:4      | Noticed Eustachio
  2968 | D:4      | Reached skill level 8 in Maces & Flails
  2983 | D:4      | Killed Eustachio
  3178 | D:4      | Found a runed translucent gate.
  3178 | D:4      | Found a runed translucent gate.
  3178 | D:4      | Found a runed translucent gate.
  3179 | D:4      | Noticed qipq's ghost (amateur OgWz)
  3179 | D:4      | Identified the +7 whip "Sulonir" {drain, rF+ rN+ Dex-2
                  | Stlth+}
  3598 | D:4      | Killed qipq's ghost
  3599 | D:4      | Reached skill level 9 in Maces & Flails
  3608 | D:4      | HP: 2/40 [big kobold/+1 dagger of distortion (14)]
  3617 | D:4      | Reached XP level 8. HP: 23/44 MP: 8/8
  3988 | D:5      | Entered Level 5 of the Dungeon
  4050 | D:5      | You fall into a shaft and drop 1 floor!
  4104 | D:6      | Reached skill level 10 in Maces & Flails
  4317 | D:6      | Killed from afar by an orc priest

Illustrated notes

Levels and vault maps discovered:
D:1:      dpeg_arrival_arbitrary_b, layout_basic
D:2:      layout_loops_ring, old_standard_altar, minmay_misc_feat_ornament
D:3:      layout_rooms, good_gods_mini_temple, chequers_ecumenical_altar_lobes,
          lemuel_statue_altar, uniq_jessica
D:4:      layout_loops_corners, gammafunk_ghost_nasty_kobolds, uniq_ijyb,
          uniq_eustachio
D:5:      corexii_shantytown, layout_basic, kennysheep_mini, lemuel_doored_altar
D:6:      layout_cave_pools, grunt_ministairs_2, cheibriados_altar_1

Skill      XL: |  1  2  3  4  5  6  7  8 |
---------------+-------------------------+-----
Maces & Flails | 4 5 6 7 9 10 | 10.7
Fighting       | |  2.1
Throwing       | |  1.7
Dodging        | |  2.4

Action                   |  1- 3 |  4- 6 |  7- 9 || total
-------------------------+-------+-------+-------++-------
Melee: Flail             |    19 |       |       ||    19
       Whip              |    64 |   168 |   181 ||   413
  Use: Scroll            |       |       |    15 ||    15
       Potion            |       |       |     3 ||     3
Armor: Leather armour    |     9 |       |       ||     9
       Ring mail         |    29 |    65 |    67 ||   161
Dodge: Dodged            |    42 |    91 |    89 ||   222
